Map: 뉴커크 재개발 지구 - 토너먼트 (공허의 유산)

Players

Xaoras

  • Race: Zerg Zerg
  • Spawn Location: 7:00

Stats - Winner!

  • Race: Protoss Protoss
  • Spawn Location: 5:00

Event: IEM XI Katowice - World Championship 2017

VOD

Have the link to the VOD?

Description

Time

  • Played on: Feb. 27, 2017, 4:25 a.m.
  • Length: 7:33

All games in this series

Show
View Real Time Build Order
Export as new Build Order

Xaoras Zerg 

Build Orders: Hatch First 

Get SALT Encoding   

  12  0:00  Drone  
  13  0:13  Overlord  
  13  0:17  Drone  
  14  0:23  Extractor  
  14  0:24  Drone  
  15  0:33  Drone  
  15  0:35  Drone  
  17  0:55  Hatchery  
  17  0:57  Drone  
  17  0:58  Drone  
  18  1:12  Extractor  
  18  1:14  Spawning Pool  
  18  1:18  Drone  
  17  1:25  Drone  
  18  1:37  Drone  
  19  1:47  Overlord  
  19  1:52  Drone  
  20  2:02  Queen  
  20  2:06  Zergling x2  
  23  2:10  Queen  
  23  2:11  Drone x2  
  27  2:17  Metabolic Boost  
  27  2:20  Drone  
  28  2:28  Drone x2  
  30  2:38  Drone  
  31  2:52  Drone x2  
  31  2:53  Hatchery  
  32  3:04  Zergling x6  
  35  3:14  Baneling Nest, Drone  
  35  3:15  Zergling x2  
  35  3:17  Overlord  
  35  3:29  Drone  
  35  3:30  Overlord  
  36  3:35  Drone  
  36  3:36  Evolution Chamber, Drone x3  
  36  3:40  Drone  
  40  3:43  Drone x2  
  40  3:44  Drone  
  43  3:49  Overlord  
  43  3:56  Drone  
  43  3:57  Drone  
  43  3:59  Extractor  
  44  4:04  Zerg Melee Weapons Level 1  
  44  4:06  Drone x4  
  44  4:08  Drone  
  49  4:14  Zergling x4  
  49  4:15  Zergling x2  
  49  4:16  Zergling x2  
  53  4:22  Zergling x6  
  56  4:27  Zergling x6  
  56  4:28  Zergling x2  
  56  4:30  Baneling x2  
  56  4:31  Baneling  
  60  4:37  Lair  
  60  4:39  Zergling x4  
  59  4:47  Drone x3  
  52  5:02  Drone  
  52  5:03  Drone x5  
  52  5:04  Queen  
  59  5:14  Drone x3  
  59  5:15  Overlord  
  59  5:20  Zergling x4  
  64  5:25  Drone  
  64  5:27  Spore Crawler  
  64  5:30  Overlord  
  63  5:36  Roach Warren  
  63  5:38  Hydralisk Den  
  63  5:39  Overlord  
  59  5:47  Queen  
  60  5:53  Zergling x12  
  60  5:54  Zergling x4  
  63  6:01  Baneling  
  62  6:07  Hydralisk x5  
  62  6:09  Extractor  
  71  6:11  Extractor  
  65  6:23  Drone x3  
  66  6:27  Hydralisk x3  
  72  6:34  Overlord  
  72  6:42  Zergling x2  
  72  6:44  Overlord x2  
  73  6:52  Baneling x3  
  73  6:53  Baneling  
  71  6:56  Zergling x2  
  71  6:57  Zergling x12  
  71  6:58  Zergling x8  
  77  7:01  Hydralisk x2  
  80  7:13  Roach x3  
  86  7:19  Extractor  
Show
View Real Time Build Order
Export as new Build Order

Stats Protoss - Winner!

Build Orders: 1 Gate Expand 

Get SALT Encoding   

  12  0:00  Probe (Chrono Boost)  
  13  0:11  Probe (Chrono Boost)  
  14  0:19  Pylon  
  14  0:22  Probe (Chrono Boost)  
  15  0:37  Probe (Chrono Boost)  
  15  0:40  Gateway  
  16  0:48  Probe (Chrono Boost)  
  16  0:49  Assimilator  
  17  0:58  Probe (Chrono Boost)  
  18  1:09  Probe (Chrono Boost)  
  19  1:19  Probe (Chrono Boost)  
  20  1:27  Nexus  
  20  1:36  Cybernetics Core  
  21  1:40  Probe (Chrono Boost)  
  21  1:44  Assimilator  
  21  1:50  Probe (Chrono Boost)  
  21  1:54  Pylon  
  22  2:01  Probe (Chrono Boost)  
  23  2:09  Adept  
  23  2:12  Warp Gate  
  23  2:13  Probe (Chrono Boost)  
  26  2:25  Twilight Council, Probe (Chrono Boost)  
  27  2:36  Adept, Probe (Chrono Boost)  
  30  2:39  Probe (Chrono Boost)  
  31  2:47  Probe (Chrono Boost)  
  31  2:49  Resonating Glaives, Probe (Chrono Boost)  
  33  2:58  Probe (Chrono Boost)  
  34  3:00  Probe (Chrono Boost)  
  35  3:10  Probe (Chrono Boost)  
  35  3:11  Adept, Probe (Chrono Boost)  
  39  3:23  Gateway  
  39  3:24  Gateway  
  39  3:25  Probe (Chrono Boost)  
  39  3:26  Probe (Chrono Boost)  
  41  3:35  Pylon  
  41  3:38  Adept, Probe (Chrono Boost)  
  41  3:39  Probe (Chrono Boost)  
  45  3:45  Robotics Facility  
  46  3:48  Probe (Chrono Boost)  
  46  3:51  Pylon  
  46  3:55  Probe (Chrono Boost)  
  47  3:56  Pylon  
  47  3:59  Probe (Chrono Boost)  
  48  4:04  Assimilator  
  48  4:05  Assimilator  
  48  4:07  Probe (Chrono Boost)  
  48  4:09  Probe (Chrono Boost)  
  50  4:15  Adept  
  52  4:17  Adept  
  52  4:20  Adept  
  52  4:23  Probe (Chrono Boost)  
  58  4:24  Probe (Chrono Boost)  
  58  4:26  Warp Prism  
  58  4:27  Pylon  
  58  4:37  Probe (Chrono Boost)  
  63  4:39  Mothership Core (Chrono Boost)  
  63  4:41  Sentry x3  
  59  5:04  Adept x2  
  59  5:05  Adept, Immortal  
  67  5:16  Nexus  
  67  5:19  Pylon  
  67  5:22  Pylon  
  67  5:25  Sentry x3  
  73  5:39  Pylon  
  73  5:40  Immortal  
  77  5:52  Gateway  
  77  5:54  Gateway  
  77  5:56  Gateway  
  77  5:59  Adept x2  
  77  6:00  Sentry  
  77  6:04  Pylon  
  83  6:08  Gateway  
  83  6:11  Gateway  
  83  6:23  Adept x2, Sentry  
  89  6:28  Probe (Chrono Boost)  
  89  6:29  Probe x2 (Chrono Boost)  
  92  6:34  Observer  
  92  6:39  Probe (Chrono Boost)  
  96  6:40  Probe (Chrono Boost)  
  96  6:41  Probe (Chrono Boost)  
  96  6:46  Adept  
  96  6:47  Adept x2  
  100  6:49  Adept x2  
  106  6:55  Adept  
  108  7:03  Pylon  
  108  7:05  Pylon  
  108  7:06  Pylon, Probe (Chrono Boost)  
  108  7:07  Probe x2 (Chrono Boost)  
  111  7:22  Adept x3  
  107  7:23  Adept x2  
  107  7:26  Adept x3  

Tags
 
Add a new tag
Caveats
  • Supply blocks, unpowered buildings, or Contaminate may cause inaccurate times.
  • Supply counts are checked every 10 seconds.